 Dungeon Crawl Stone Soup version 0.28.0 (webtiles) character file.

Game seed: 7405321402680083299

10880 porpoise the Fighter (level 12, -5/95 HPs)
             Began as a Djinni Conjurer on Feb 14, 2022.
             Was an Initiate of Ashenzari.
             Slain by a seven-headed hydra (8 damage)
             ... on level 1 of the Lair of Beasts on Feb 15, 2022.
             The game lasted 00:52:11 (15647 turns).

porpoise the Fighter (Djinni Conjurer)             Turns: 15647, Time: 00:52:12

Health: -5/95      AC:  5    Str:  8    XL:     12   Next: 0%
Gold:   575        EV: 14    Int: 24    God:    Ashenzari [......] SH:  5 Dex: 11

rFire   + . .      SeeInvis .   b - +1 hunting sling (freeze)
rCold   . . .      Faith    .   x - +0 buckler
rNeg    . . .      Spirit   .   c - +0 robe
rPois   ∞          Reflect  .   d - +1 helmet
rElec   .          Harm     .   F - scarf {repulsion}
rCorr   .          Rampage  .   f - +0 pair of gloves
Will    +....                   (boots unavailable)
Stlth   +++.......              (no amulet)
HPRegen 0.25/turn               o - ring of ice
MPRegen 0.00/turn               (no ring)

@: flying, repel missiles
A: sickness immunity, fire resistance 2, cold vulnerability 1, float, innate
caster, HP casting, extra vitality 1
a: Renounce Religion


You were on level 1 of the Lair of Beasts.
You worshipped Ashenzari.
Ashenzari was noncommittal.
You visited 3 branches of the dungeon, and saw 12 of its levels.

You collected 575 gold pieces.

Inventory:

Hand Weapons
 a - a +1 whip of electrocution
 b - a +1 hunting sling of freezing (weapon)
 w - a +3 dagger
 E - a +1 whip of draining
Missiles
 g - 101 bolts
 h - 176 arrows
 l - 19 sling bullets (quivered ammo)
 p - 258 stones
 q - 27 poisoned darts
 u - 4 boomerangs
 y - a throwing net
 C - a curare-tipped dart
Armour
 c - a +0 robe (worn)
 d - a +1 helmet (worn)
 f - a +0 pair of gloves (worn)
 m - a +1 cloak
 x - a +0 buckler (worn)
 D - the +3 ring mail of the Kraken {rC- rN++ Regen+ MP+9}
   (You took it off a kobold on level 8 of the Dungeon)

   rC:        It makes you vulnerable to cold.
   rN:        It greatly protects you from negative energy.
   MP:        It affects your magic capacity (+9).
   Regen:     It increases your rate of health regeneration.
 F - a scarf of repulsion (worn)
Jewellery
 n - the dreamshard necklace {*Dream Drain}
   (You found it on level 3 of the Dungeon)

   [amulet of nothing]

   It shatters if its wearer takes lethal or near-lethal damage, preventing the
   blow and releasing protective dreams that heal and fight for the wearer.
   Drain:     It drains your maximum health when unequipped.
 o - a ring of ice (left hand)
 A - a +6 ring of dexterity
Wands
 s - a wand of flame (27)
 z - a wand of iceblast (7)
 K - a wand of polymorph (2)
Scrolls
 i - a scroll of magic mapping
 k - 2 scrolls of teleportation
 v - 2 scrolls of fog
 B - a scroll of holy word
 G - 2 scrolls of enchant armour
 I - a scroll of fear
Potions
 e - a potion of heal wounds
 j - 2 potions of might
 r - 4 potions of curing
 t - a potion of mutation
 H - 2 potions of ambrosia
 J - a potion of haste {unknown}
 L - a potion of berserk rage {unknown}


   Skills:
 - Level 12.0 Fighting
 * Level 1.3 Armour
 - Level 7.0 Dodging
 - Level 5.0 Stealth
 - Level 5.0 Shields
 * Level 7.2 Spellcasting
 - Level 5.0 Evocations


You couldn't memorise any spells.
You knew the following spells:

 Your Spells              Type           Power      Damage    Failure   Level
a - Magic Dart            Conj           100%       1d8       1%          1
b - Searing Ray           Conj           86%        2d7       1%          2
c - Fulminant Prism       Conj/Hex       21%        3d13      4%          4
d - Iskenderun's Mystic   Conj/Tloc      43%        2d10      4%          4
i - Pain                  Necr           100%       1d9       1%          1
n - Animate Dead          Necr           21%        N/A       4%          4
p - Iskenderun's Battles  Conj           43%        2d9       13%         5
t - Static Discharge      Conj/Air       43%        N/A       1%          2
v - Vampiric Draining     Necr           43%        2d9       1%          3
z - Dazzling Flash        Conj/Hex       86%        N/A       1%          3
Your spell library was empty.

Dungeon Overview and Level Annotations

Branches:
Dungeon (10/15)            Temple (1/1) D:7            Lair (1/6) D:10
    Orc: D:9-12

Altars:
Ashenzari
Cheibriados
Dithmenos
Elyvilon
Fedhas
Gozag
Hepliaklqana
Kikubaaqudgha
Makhleb
Nemelex Xobeh
Okawaru
Qazlal
Ru
Sif Muna
Trog
Uskayaw
Vehumet
Wu Jian
Xom
Yredelemnul
Zin
The Shining One

Portals:
Trove: D:10 (give 2 scrolls of acquirement)


Innate Abilities, Weirdness & Mutations

You are immune to sickness and miasma.
You are immune to poison.
Your flesh is very heat resistant. (rF++)
You are vulnerable to cold. (rC-)
You float through the air rather than walking.
You learn spells naturally, not from books.
Your magical power is your life essence.
You have superior vitality. (+4 MHP)


Message History

You fly downwards.
Welcome back to the Lair of Beasts!
The seven-headed hydra closely misses you.
The seven-headed hydra misses you.
The seven-headed hydra barely misses you.
The seven-headed hydra bites you! x2
The seven-headed hydra closely misses you.
The seven-headed hydra bites you but does no damage.
The yak closely misses you. The black mamba bites you! The bullfrog misses you.
The yak gores you but does no damage.
The seven-headed hydra bites you but does no damage.
The seven-headed hydra closely misses you.
The seven-headed hydra bites you! x2; The seven-headed hydra bites you.
The seven-headed hydra bites you but does no damage.
The seven-headed hydra closely misses you.
The yak gores you. The black mamba bites you!
* * * LOW HITPOINT WARNING * * *
There is a staircase back to the Dungeon here.
Casting: Searing Ray (safe; 1% risk of failure)
Confirm with . or Enter, or press ? or * to list all spells.
You erupt in a blast of force!
The mystic blast hits the yak!
The yak is heavily wounded.
The yak is knocked back by the mystic blast.
The mystic blast hits the yak.
The yak is lightly wounded.
The yak is knocked back by the mystic blast.
The mystic blast hits the seven-headed hydra!
The seven-headed hydra is moderately wounded.
The mystic blast hits the bullfrog!
The bullfrog is moderately wounded.
The bullfrog is knocked back by the mystic blast.
The mystic blast hits the black mamba!!
The black mamba is heavily wounded.
The black mamba is knocked back by the mystic blast.
* * * LOW HITPOINT WARNING * * *
The seven-headed hydra closely misses you.
The seven-headed hydra completely misses you.
The seven-headed hydra bites you!
* * * LOW HITPOINT WARNING * * *
The seven-headed hydra bites you!
You die...

## ##
########.###P##
...>...........
....F..Y.......
.........Y.....
...............
......D@.......
........†......
.......S.......
...............
.......†.......
....#####....#.
....≈≈≈≈#......
....#≈≈≈#......


You could see a seven-headed hydra, a black mamba, 2 yaks and a bullfrog.

Vanquished Creatures
  5 two-headed ogres
  An unseen horror (D:10)
  2 hornets
  2 trolls
  A polar bear (Lair:1)
  A vampire (D:6)
  16 yaks
  A hog (shapeshifter) (D:8)
  A fire elemental (D:10)
  An acid dragon (D:10)
  Edmund (D:6)
  3 water moccasins
  2 orc warriors
  A hornet zombie (D:9)
  An ice beast (D:7)
  3 sky beasts
  A black bear (D:4)
  3 ogres
  2 necrophages
  2 centaurs
  A bullfrog (D:8)
  4 kobold brigands
  A scorpion (D:4)
  4 gnoll sergeants
  An earth elemental (D:10)
  A water moccasin skeleton (D:6)
  3 killer bees (D:9)
  3 howler monkeys (D:8)
  4 wights (D:8)
  2 centaur zombies
  2 lava snakes (D:9)
  3 hounds
  2 orc priests
  Crazy Yiuf (D:6)
  A centaur skeleton (D:5)
  4 iguanas
  8 orc wizards
  A killer bee zombie (D:8)
  5 adders
  9 gnolls
  3 ufetubi
  3 adder skeletons (D:4)
  A worm (D:2)
  2 dart slugs
  29 orcs
  13 endoplasms
  4 giant cockroaches
  10 hobgoblins
  11 jackals
  5 quokkas (D:4)
  8 ball pythons
  10 bats
  A frilled lizard (D:1)
  9 goblins
  17 kobolds
  6 rats
242 creatures vanquished.

Vanquished Creatures (others)
  A water elemental (D:10)
  An air elemental (D:10)
  A howler monkey skeleton (D:7)
  43 fulminant prisms
  89 plants
135 creatures vanquished.

Grand Total: 377 creatures vanquished

Notes
Turn   | Place    | Note
-------+----------+-------------------------------------------
     0 | D:1      | porpoise the Djinni Conjurer began the quest for the Orb.
     0 | D:1      | Reached XP level 1. HP: 15/15 MP: 0/0
    50 | D:1      | Reached XP level 2. HP: 4/22 MP: 0/0
   592 | D:1      | Reached skill level 1 in Fighting
   826 | D:1      | Reached XP level 3. HP: 20/27 MP: 0/0
   826 | D:1      | Learned a level 1 spell: Pain
  1025 | D:1      | Found a faded altar of an unknown god.
  1839 | D:2      | Reached XP level 4. HP: 32/33 MP: 0/0
  2131 | D:2      | Reached skill level 2 in Fighting
  2408 | D:3      | Found the dreamshard necklace {*Dream Drain}
  3353 | D:3      | Reached XP level 5. HP: 37/39 MP: 0/0
  3353 | D:3      | Learned a level 2 spell: Static Discharge
  3370 | D:3      | Found a sparkling altar of Nemelex Xobeh.
  3657 | D:4      | Noticed a kobold brigand
  3663 | D:4      | Killed a kobold brigand
  3664 | D:4      | Reached skill level 3 in Fighting
  3897 | D:4      | Reached XP level 6. HP: 42/46 MP: 0/0
  3938 | D:4      | Noticed a black bear
  4108 | D:4      | Noticed an ogre
  4126 | D:4      | Killed an ogre
  4291 | D:4      | Reached skill level 4 in Fighting
  4291 | D:4      | Reached XP level 7. HP: 40/52 MP: 0/0
  4291 | D:4      | Learned a level 3 spell: Vampiric Draining
  4717 | D:4      | Found a shadowy altar of Dithmenos.
  5168 | D:5      | Entered Level 5 of the Dungeon
  5508 | D:5      | Reached skill level 5 in Spellcasting
  5527 | D:5      | Reached skill level 5 in Fighting
  5527 | D:5      | Reached XP level 8. HP: 13/59 MP: 0/0
  6073 | D:5      | Reached skill level 6 in Fighting
  6338 | D:5      | Found an ornate altar of the Wu Jian Council.
  6536 | D:6      | Noticed Edmund
  6542 | D:6      | Killed Edmund
  6849 | D:6      | Found a runed translucent door.
  6850 | D:6      | Noticed Crazy Yiuf
  6889 | D:6      | Reached XP level 9. HP: 36/67 MP: 0/0
  6889 | D:6      | Learned a level 4 spell: Animate Dead
  7388 | D:6      | Reached skill level 7 in Fighting
  7780 | D:6      | Killed Crazy Yiuf
  7869 | D:6      | Reached skill level 5 in Stealth
  8440 | D:7      | Reached skill level 1 in Evocations
  8565 | D:7      | Found a burning altar of Makhleb.
  8589 | D:7      | Found a white marble altar of Elyvilon.
  8726 | D:7      | Found a staircase to the Ecumenical Temple.
  8735 | Temple   | Entered the Ecumenical Temple
  9365 | D:7      | Found a hide-covered altar of Uskayaw.
  9468 | D:7      | Noticed a hornet
  9476 | D:7      | Killed a hornet
  9477 | D:7      | Reached skill level 8 in Fighting
  9596 | D:7      | Reached XP level 10. HP: 69/76 MP: 0/0
  9758 | D:7      | Found a glowing golden altar of the Shining One.
 10253 | D:8      | Reached skill level 9 in Fighting
 10253 | D:8      | Reached skill level 5 in Dodging
 10760 | D:8      | Identified the +3 ring mail of the Kraken {rC- rN++ Regen+
                  | MP+9}
 11245 | D:8      | Noticed a two-headed ogre
 11256 | D:8      | Killed a two-headed ogre
 11720 | D:8      | Found an iron altar of Okawaru.
 11791 | D:9      | Noticed a two-headed ogre
 11796 | D:9      | Killed a two-headed ogre
 12037 | D:9      | Noticed a two-headed ogre
 12045 | D:8      | Reached XP level 11. HP: 36/85 MP: 0/0
 12045 | D:8      | Learned a level 5 spell: Iskenderun's Battlesphere
 12046 | D:8      | Killed a two-headed ogre
 12047 | D:8      | Reached skill level 10 in Fighting
 12642 | D:9      | Reached skill level 5 in Evocations
 12650 | D:9      | Reached skill level 1 in Shields
 12652 | D:9      | Reached skill level 11 in Fighting
 13412 | D:9      | Found a shadowy altar of Dithmenos.
 13935 | D:10     | Entered Level 10 of the Dungeon
 13935 | D:10     | Found a large runed translucent door.
 13937 | D:10     | Found a large runed translucent door.
 14031 | D:10     | Found a portal to a secret trove of treasure.
 14077 | D:10     | Found a sacrificial altar of Ru.
 14220 | D:10     | Noticed a two-headed ogre
 14226 | D:10     | Killed a two-headed ogre
 14578 | D:10     | Found a staircase to the Lair.
 14721 | D:10     | Noticed a two-headed ogre
 14728 | D:10     | Killed a two-headed ogre
 15178 | D:10     | Found a broken altar of Ashenzari.
 15181 | D:10     | Became a worshipper of Ashenzari the Shackled
 15301 | D:10     | Reached skill level 5 in Shields
 15442 | Lair:1   | Entered Level 1 of the Lair of Beasts
 15444 | Lair:1   | Noticed a seven-headed hydra
 15449 | Lair:1   | Reached skill level 12 in Fighting
 15450 | Lair:1   | Reached skill level 1 in Armour
 15455 | D:10     | Reached XP level 12. HP: 47/95 MP: 0/0
 15647 | Lair:1   | HP: 3/95 [seven-headed hydra (12)]
 15647 | Lair:1   | Slain by a seven-headed hydra

Illustrated notes

Levels and vault maps discovered:
D:1:      dpeg_arrival_rooms_b, layout_loops_ring,
          hellmonk_ecumenical_altar_dog_temple
D:2:      layout_rooms
D:3:      layout_basic, mainiacjoe_overflow_alcove_1, hangedman_decor_growths
D:4:      wad_woods_stonehenge, layout_loops_ring, kiku_gazebo_pond_becter,
          kennysheep_nondescript, dk_vineyard_2, st_stairs_10
D:5:      layout_rooms, nicolae_wu_jian_immortal_techniques
D:6:      layout_loops_ring, minmay_misc_feat_columns,
          kennysheep_generic_room_10, uniq_edmund, uniq_crazy_yiuf_cottage
D:7:      layout_layer_cave, elyvilon_altar_4,
          mainiacjoe_overflow_six_doors_small, lemuel_tele_altar,
          mainiacjoe_overflow_24_doors, minmay_temple_entry_junction,
          nicolae_grassy_gnolls
D:8:      layout_layer_cave, lemuel_coloured_pillars_altar
D:9:      layout_cross, mainiacjoe_overflow_concentric_impassable,
          serial_bayou_pond_d, kennysheep_diamond
D:10:     layout_irregular_city, kennysheep_mini_moat, hangedman_ru_absence,
          lair_entry_dummy, enter_trove_2, lightli_elemental_guards
Temple:   minmay_freezing_vapour_temple
Lair:1:   layout_gridlike, amcnicky_mini_pool_medium

Skill      XL: |  1  2  3  4  5  6  7  8  9 10 11 |
---------------+----------------------------------+-----
Fighting       | 1 2 3 4 5 6 8 9 12 | 12.0
Stealth        | 2 3 4 5 |  5.0
Spellcasting   | 4 5 6 7 |  7.2
Evocations     | 2 4 5 |  5.0
Dodging        | 3 6 7 |  7.0
Shields        | 5 |  5.0
Armour         | 1 |  1.3

Action                   |  1- 3 |  4- 6 |  7- 9 | 10-12 || total
-------------------------+-------+-------+-------+-------++-------
Melee: Short sword       |       |       |     5 |       ||     5
       Whip              |       |       |       |     7 ||     7
 Fire: Hunting sling     |       |    22 |    54 |    24 ||   100
 Cast: Magic Dart        |    42 |    30 |       |    22 ||    94
       Searing Ray       |    11 |    29 |    56 |    49 ||   145
       Fulminant Prism   |       |     1 |    15 |    27 ||    43
       Iskenderun's Myst |       |       |     8 |    20 ||    28
       Pain              |       |       |     6 |       ||     6
       Iskenderun's Batt |       |       |       |    14 ||    14
  Use: Scroll            |       |     3 |    12 |     5 ||    20
Armor: Robe              |     2 |     1 |     7 |    17 ||    27
Dodge: Dodged            |     5 |    10 |    37 |    56 ||   108
       Repelled          |       |       |       |     1 ||     1
Block: Buckler           |       |       |       |    13 ||    13
